 Dungeon Crawl Stone Soup version 0.26.0-10-g1f06aea511 (webtiles) character file.

Game seed: 6016011915397814397

146 funkygono the Grave Robber (level 5, 0/35 HPs)
             Began as a Demonspawn Necromancer on Jan 24, 2021.
             Slain by a worker ant (6 damage)
             ... on level 4 of the Dungeon.
             The game lasted 00:09:26 (4232 turns).

funkygono the Grave Robber (Demonspawn Necromancer) Turns: 4232, Time: 00:09:26

Health: 0/35       AC:  5    Str:  9    XL:     5   Next: 7%
Magic:  4/10       EV: 12    Int: 17    God:
Gold:   160        SH:  0    Dex: 13    Spells: 2/11 levels left

rFire    . . .     SeeInvis .   f - +0 club
rCold    + + .     Faith    .   (no shield)
rNeg     . . .     Spirit   .   a - +0 robe
rPois    .         Reflect  .   n - -1 helmet (curse)
rElec    .         Harm     .   (no cloak)
rCorr    .         Rampage  .   (no gloves)
Will     .....                  (no boots)
Stlth    ++........             (no amulet)
HPRegen  0.11/turn              j - ring of protection from cold
MPRegen  0.12/turn              m - ring of protection from cold

@: lethally poisoned (0 -> -8)
A: hooves 1, thin metallic scales 2
a: no special abilities


You were on level 4 of the Dungeon.
You visited 1 branch of the dungeon, and saw 4 of its levels.

You collected 160 gold pieces.

Inventory:

Hand Weapons
 f - a +0 club (weapon)
Armour
 a - a +0 robe (worn)
 n - a cursed -1 helmet (worn)
Jewellery
 j - a ring of protection from cold (left hand)
 m - a ring of protection from cold (right hand)
Scrolls
 b - 2 scrolls of fog
 d - a scroll of magic mapping
Potions
 c - 2 potions of heal wounds
 e - a potion of resistance {unknown}
 g - 2 potions of might {unknown}
 h - a potion of lignification {unknown}
 i - a potion of invisibility {unknown}
 k - a potion of degeneration {unknown}
 l - a potion of mutation {unknown}
 o - a potion of curing {unknown}


   Skills:
 + Level 1.7 Dodging
 + Level 1.9 Stealth
 * Level 3.9 Spellcasting
 * Level 5.5 Necromancy


You had 2 spell levels left.
You knew the following spells:

 Your Spells              Type           Power        Failure   Level
a - Pain                  Necr           88%          1%          1
b - Animate Skeleton      Necr           44%          1%          1
c - Vampiric Draining     Necr           11%          4%          3
d - Animate Dead          Necr           11%          16%         4

Your spell library contained the following spells:

 Spells                   Type           Power        Failure   Level
 Agony                    Necr           22%          41%         5


Dungeon Overview and Level Annotations

Branches:
Dungeon (4/15)
 Temple: D:4-7

Altars:
Dithmenos
Xom
The Shining One


Innate Abilities, Weirdness & Mutations

You have large cloven feet.
You are mostly covered in thin metallic scales. (AC +3)


Message History

Aiming: Pain (safe; 1% risk of failure)
Press: ? - help, Shift-Dir - straight line, f/p - worker ant
Aim: a worker ant (moderately wounded, chance to affect: 87%)
The worker ant writhes in agony.
Casting: Pain (safe; 1% risk of failure)
Confirm with . or Enter, or press ? or * to list all spells.
Aiming: Pain (safe; 1% risk of failure)
Press: ? - help, Shift-Dir - straight line, f/p - worker ant
Aim: a worker ant (heavily wounded, chance to affect: 87%)
The worker ant barely resists.
The worker ant barely misses you. The worker ant bites you.
* * * LOW HITPOINT WARNING * * *
You are lethally poisoned!
The worker ant poisons you!
You hit the worker ant.
You kick the worker ant, but do no damage.
The worker ant is severely wounded.
* * * LOW HITPOINT WARNING * * *
You feel sick. The worker ant bites you.
You die...

.... .........
#...##....... .
##.......... .##.
...........##.#..
...........#....
............#.###
................# .
##...B@[........ ..
.......).....#####...
.....................
..........!..........
......(......<.......
...##.....##.........
..# #.....#....#<....
.. ......###...# ..#.
........ ....# .#


You could see a worker ant.

Vanquished Creatures
  2 orc priests (D:4)
  2 adders
  An ooze (D:3)
  A worm (D:2)
  2 leopard geckos (D:3)
  7 orcs
  A giant cockroach (D:3)
  6 goblins
  10 hobgoblins
  4 jackals
  4 bats
  A frilled lizard (D:1)
  3 kobolds (D:3)
  5 rats (D:1)
49 creatures vanquished.

Vanquished Creatures (collateral kills)
  A kobold (D:2)
1 creature vanquished.

Grand Total: 50 creatures vanquished

Notes
Turn   | Place    | Note
-------+----------+-------------------------------------------
     0 | D:1      | funkygono the Demonspawn Necromancer began the quest for
                  | the Orb.
     0 | D:1      | Reached XP level 1. HP: 13/13 MP: 3/3
   754 | D:1      | Gained mutation: You have large cloven feet. [demonic
                  | ancestry]
   754 | D:1      | Reached XP level 2. HP: 4/19 MP: 3/5
   756 | D:1      | Learned a level 1 spell: Animate Skeleton
  1550 | D:2      | Found a shadowy altar of Dithmenos.
  1718 | D:2      | Reached skill level 5 in Necromancy
  1718 | D:2      | Gained mutation: You are partially covered in thin metallic
                  | scales. (AC +2) [demonic ancestry]
  1718 | D:2      | Reached XP level 3. HP: 13/24 MP: 0/6
  1971 | D:2      | Found a glowing golden altar of the Shining One.
  2156 | D:2      | Found a shimmering altar of Xom.
  2962 | D:3      | Learned a level 3 spell: Vampiric Draining
  3690 | D:3      | Reached XP level 4. HP: 27/30 MP: 4/8
  3894 | D:3      | Learned a level 4 spell: Animate Dead
  4166 | D:4      | Gained mutation: You are mostly covered in thin metallic
                  | scales. (AC +3) [demonic ancestry]
  4166 | D:4      | Reached XP level 5. HP: 13/35 MP: 2/10
  4232 | D:4      | Slain by a worker ant

Illustrated notes

Levels and vault maps discovered:
D:1:      sevenhm_arrival_forest_fort_large_2, layout_loops_ring,
          chequers_serial_rivers_large_b
D:2:      layout_basic, general_overflow_altar, lemuel_crystal_altar,
          grunt_dithmenos_smoke, kennysheep_cross_room,
          hangedman_abyss_or_decor_lesser_grid, hangedman_glass_teeth
D:3:      minmay_skewed_foursquare, layout_basic
D:4:      layout_cave_pools, nicolae_qazlal_general_emergency

Skill      XL: |  1  2  3 |
---------------+----------+-----
Necromancy     | 5 |  5.5
Spellcasting   | 3 |  3.9
Dodging        | |  1.7
Stealth        | |  1.9

Action                   |  1- 3 |  4- 6 || total
-------------------------+-------+-------++-------
Melee: Unarmed           |    14 |       ||    14
       Club              |    14 |     7 ||    21
       Kick              |     2 |     2 ||     4
 Cast: Pain              |    67 |    17 ||    84
       Animate Skeleton  |    16 |     5 ||    21
       Vampiric Draining |       |     1 ||     1
  Use: Scroll            |     5 |     1 ||     6
Armor: Robe              |    10 |     1 ||    11
Dodge: Dodged            |    32 |     8 ||    40
